 Dungeon Crawl Stone Soup version 0.25.0-46-gbd7b0854d2 (webtiles) character file.

Game seed: 8304033089632812124

43 funkygono the Skirmisher (level 3, -2/33 HPs)
             Began as a Minotaur Fighter on July 14, 2020.
             Slain by an orc
             ... wielding a +0 mace
              (5 damage)
             ... on level 3 of the Dungeon.
             The game lasted 00:02:39 (1612 turns).

funkygono the Skirmisher (Minotaur Fighter)         Turns: 1612, Time: 00:02:39

Health: -2/33      AC: 10    Str: 33    XL:     3   Next: 37%
Magic:  2/2        EV:  6    Int:  5    God:
Gold:   117        SH: 10    Dex:  9    Spells: 2/2 levels left

rFire    . . .     SeeInvis .   a - +0 flail
rCold    . . .     Gourm    .   c - +0 kite shield
rNeg     . . .     Faith    .   e - +0 chain mail
rPois    .         Spirit   .   (helmet restricted)
rElec    .         Reflect  .   (no cloak)
rCorr    .         Harm     .   h - +0 pair of gloves (curse)
MR       .....                  (no boots)
Stlth    ..........             k - amulet of the acrobat
HPRegen  0.11/turn              i - +6 ring of strength
MPRegen  0.08/turn              l - +6 ring of strength

@: very slightly contaminated, invisible
A: retaliatory headbutt, horns 2
a: no special abilities


You were on level 3 of the Dungeon.
You were not hungry.

You visited 1 branch of the dungeon, and saw 3 of its levels.

You collected 117 gold pieces.

Inventory:

Hand Weapons
 a - a +0 flail (weapon)
Missiles
 j - 67 stones (quivered)
Armour
 c - a +0 kite shield (worn)
 e - a +0 chain mail (worn)
 h - a cursed +0 pair of gloves (worn)
Jewellery
 i - a +6 ring of strength (left hand)
 k - an amulet of the acrobat (around neck)
 l - a +6 ring of strength (right hand)
Scrolls
 m - a scroll of magic mapping {unknown}
Potions
 d - 3 potions of might
 g - a potion of invisibility
 n - a potion of brilliance {unknown}
Comestibles
 b - 8 chunks of flesh
 f - 3 rations


   Skills:
 + Level 4.2 Fighting
 + Level 3.2 Maces & Flails
 + Level 4.1 Armour
 + Level 0.1 Dodging
 + Level 4.0 Shields


You had 2 spell levels left.
You didn't know any spells.
Your spell library was empty.

Dungeon Overview and Level Annotations

Branches:
Dungeon (3/15)

Altars:


Innate Abilities, Weirdness & Mutations

You reflexively headbutt those who attack you in melee.
You have a pair of horns on your head.


Message History

The orc priest is heavily wounded.
The orc priest hits you but does no damage.
The orc priest calls down the wrath of Beogh upon you.
Beogh smites you!
* * * LOW HITPOINT WARNING * * *
The orc closely misses you.
You closely miss the orc priest. Your headbutt misses the orc priest.
The orc priest is heavily wounded.
The orc priest hits you.
* * * LOW HITPOINT WARNING * * *
The orc hits you but does no damage.
You fade into invisibility!
The orc priest barely misses you. You furiously retaliate!
You headbutt the orc priest, but do no damage.
You block the orc's attack.
You are very lightly contaminated with residual magic.
You barely miss the orc priest. Your headbutt misses the orc priest.
The orc priest is heavily wounded.
You block the orc priest's attack. The orc hits you with a +0 mace.
You die...

## #.# # #.# .
#.#
#.##.#########
###.#...........
............##.#
#%....o@o..# ...
##.######### ...
#.# #.# #.# #.#
##'## #.####
##...## #....#
##.....##
#..#.###.......#
))...##.........#


You could see an orc priest and an orc.

Vanquished Creatures
  2 worms (D:2)
  A dart slug (D:2)
  4 orcs (D:3)
  5 bats
  2 goblins (D:1)
  5 hobgoblins (D:1)
  2 jackals (D:1)
  2 kobolds (D:1)
  A quokka (D:2)
  A frilled lizard (D:1)
  5 rats
30 creatures vanquished.

Notes
Turn   | Place    | Note
-------+----------+-------------------------------------------
     0 | D:1      | funkygono the Minotaur Fighter began the quest for the Orb.
     0 | D:1      | Reached XP level 1. HP: 19/19 MP: 0/0
   253 | D:1      | Reached XP level 2. HP: 27/27 MP: 1/1
  1169 | D:2      | Reached XP level 3. HP: 33/33 MP: 2/2
  1612 | D:3      | Slain by an orc

Illustrated notes

Levels and vault maps discovered:
D:1:      minmay_arrival_loop, layout_basic
D:2:      layout_basic
D:3:      layout_loops_corners, hangedman_decor_slide_cut, uniq_robin

Skill      XL: |  1  2  3 |
---------------+----------+-----
Fighting       | 4 |  4.2
Armour         | 4 |  4.1
Shields        | 4 |  4.0
Maces & Flails | 3 |  3.2
Dodging        | |  0.1

Action                   || total
-------------------------++-------
Melee: Flail             ||    83
       Headbutt          ||    12
  Use: Scroll            ||     5
       Potion            ||     1
  Eat: Chunk             ||     2
Armor: Chain mail        ||    45
Dodge: Dodged            ||    12
Block: Kite shield       ||    43
